johnson2016, chaotic male elven Ranger ---------------- |...............# ---- |.............[|####################### ...| |`..............##`###### -------# #[-....| |........<.....| # ....`|# # ...| -.----------.--- # ....|###########` .| ## # -----...| # # # |.{.|...| /@# #### # |{.{|`..| ) # --.---- ##+ |.{.|....####### ### |.....| ##|.. --.--...| # |...^..#####|.....`.....| --.-- |.+...| #|`.........`| |..%| #......| #------------- |...-########------- ################` |...| ----- johnson2016 the Trailblazer Experience level: 6 Strength: 15 Dexterity: 12 Constitution: 15 Intelligence: 14 Wisdom: 13 Charisma: 7 Health: 38(46) Energy: 31(31) Def: 8 Gold: 452 Moves: 3126 Dungeon seed: OoM3t0pdbAcrv951 Game ID: johnson2016_1465698418 Your Inventory: Coins $ - 452 gold pieces Weapons b - an uncursed +2 elven bow (weapon in hand) c - 49 uncursed +2 elven arrows d - 24 uncursed +0 elven arrows (in quiver) Armor e - an uncursed +2 elven cloak (being worn) N - an uncursed +0 elven mithril-coat (being worn) Comestibles f - 4 uncursed lembas wafers w - an uncursed sprig of wolfsbane I - an uncursed fortune cookie Scrolls n - an uncursed scroll of teleportation o - 3 uncursed scrolls of scare monster v - an uncursed scroll of fire M - 2 uncursed scrolls of blank paper O - an uncursed scroll of remove curse S - an uncursed scroll of create monster Potions h - an uncursed potion of healing k - a blessed potion of speed u - a cursed potion of oil z - an uncursed potion of water D - a blessed potion of healing E - a cursed potion of healing F - a cursed potion of fruit juice T - a blessed potion of blindness Rings r - an uncursed ring of teleport control t - an uncursed ring of slow digestion L - an uncursed ring of cold resistance Wands g - an uncursed wand of slow monster (0:3) m - an uncursed wand of sleep (0:7) s - an uncursed wand of enlightenment (0:10) H - an uncursed wand of probing (0:4) Tools x - an uncursed tin opener Gems y - an uncursed flint stone Spells and supernatural/magical abilities: Name Level Category Fail Memory W - pray for help -- divine ? -- Your skills at the end: Miscellaneous Skills wands [Basic] Weapon Skills dagger [Skilled] bow [Basic] Spellcasting Skills Final Attributes: You were piously aligned. You were sleep resistant. You were telepathic. You had automatic searching. You had infravision. You were stealthy. You are dead. Vanquished creatures: a tengu a leprechaun an ape a rock piercer 2 elf zombies a paper golem a giant ant a little dog 3 floating eyes an iguana 3 rothes an orc zombie a wererat 5 coyotes 2 hobbits an acid blob 6 geckos 2 giant rats a cave spider 2 green molds 8 jackals 2 foxes 3 newts 4 goblins 3 sewer rats 4 grid bugs 5 lichens 66 creatures vanquished. Voluntary challenges: You did not adorn yourself with jewelry or accessories. You were an atheist. You used a wielded weapon 79 times, starting on turn 201. You did not apply a unicorn horn. You read items or engraved 5 times, starting on turn 279. You never genocided any monsters. You never polymorphed an object. You never changed form. You used no wishes. You never split a pudding. You wrote Elbereth's name 5 times, starting on turn 279. You never violated your personal moral code. Dungeon overview: The Dungeons of Doom: levels 1 to 9 Level 1 a fountain a long staircase Level 2 some fountains a long staircase Level 3 a fountain, a sink Level 4 a fountain Level 5 a fountain, a sink Level 6 a fountain Level 7 Level 8 <- You were here many fountains Level 9 History has recorded: On T:1 you entered the Dungeons of Doom to retrieve the Amulet of Yendor! On T:392 you advanced to experience level 2. On T:458 you reached level 2 of The Dungeons of Doom. On T:743 you advanced to experience level 3. On T:871 you reached level 3 of The Dungeons of Doom. On T:1105 you reached level 4 of The Dungeons of Doom. On T:1356 you advanced to experience level 4. On T:1602 you reached level 5 of The Dungeons of Doom. On T:2076 you reached level 6 of The Dungeons of Doom. On T:2116 you advanced to experience level 5. On T:2454 you reached level 7 of The Dungeons of Doom. On T:2751 you reached level 8 of The Dungeons of Doom. On T:2809 you reached level 9 of The Dungeons of Doom. On T:3076 you advanced to experience level 6. Score breakdown: Gold: 452 ( 45 points) Experience: 6 levels ( 500 points) Exploration: 9 levels ( 240 points) Discoveries: 3 items ( 150 points) Variety of kills: 27 monsters ( 1350 points) Major goal: (nothing yet) ( 0 points) Survival: died (score multiplied by 3) Total score: 6855 Latest messages: You resume your meal. You finish eating the rothe corpse. Ulch! That meat was tainted! You feel deathly sick. Yak - dog food! You stop eating. You shoot 3 elven arrows. The 1st elven arrow hits the tengu! The 2nd elven arrow hits something! You kill the tengu! d - 3 uncursed +0 elven arrows (in quiver). U - a wand of teleportation. You drop a wand of teleportation. You resume your meal. You finish eating the tripe ration. You die from your illness. Final status: Goodbye johnson2016 the Ranger, poisoned by a rotted rothe corpse... You were poisoned in The Dungeons of Doom on dungeon level 8 with 6855 points, and 452 pieces of gold, after 3126 moves. You were level 6 with a maximum of 46 hit points when you were poisoned.